 Dungeon Crawl Stone Soup version 0.31.0-12-g77e489cdc1 (webtiles) character file.

Game seed: 16297389408754236273

348 12345 the Slasher (level 6, -1/48 HPs)
             Began as a Vampire Gladiator on Mar 5, 2024.
             Splashed by a jelly's acid (10 damage)
             ... on level 5 of the Dungeon.
             The game lasted 00:08:53 (3203 turns).

12345 the Slasher (Vampire Gladiator)               Turns: 3203, Time: 00:08:54

Health: -1/48      AC: -9    Str: 13    XL:     6   Next: 33%
Magic:  6/6        EV: 12    Int: 11    God:
Gold:   278        SH:  0    Dex: 17    Spells: 5/5 levels left

rFire   . . .        a - +1 long sword
rCold   . . .        (no shield)
rNeg    . . .        k - +0 ring mail
rPois   .            c - +0 helmet
rElec   .            (no cloak)
rCorr   .            (no gloves)
SInv    +            m - +0 pair of boots
Will    .....        (no amulet)
Stlth   +            (no ring)
HPRegen 0.48/turn    (no ring)
MPRegen 0.10/turn

%: no passive effects
@: corroded, healing quickly
A: alive, fangs 3, see invisible, vampiric 2
a: Exsanguinate


You were on level 5 of the Dungeon.
You visited 1 branch of the dungeon, and saw 5 of its levels.

You collected 330 gold pieces.
You spent 52 gold pieces at shops.

Inventory:

Hand Weapons
 a - a +1 long sword (weapon)
 b - a +1 short sword of protection
Missiles
 d - 3 throwing nets
 e - a javelin
 j - 6 poisoned darts (quivered)
Armour
 c - a +0 helmet (worn)
 k - a +0 ring mail (worn)
 m - a +0 pair of boots (worn)
Jewellery
 v - a ring of wizardry
 w - a +6 ring of intelligence
Scrolls
 f - a scroll of poison {unknown}
 g - a scroll of revelation {unknown}
 h - a scroll of fog
 i - a scroll of silence
 l - a scroll of torment {unknown}
 o - a scroll of vulnerability
 p - a scroll of amnesia {unknown}
 q - a scroll of blinking {unknown}
 r - 3 scrolls of teleportation
 x - a scroll of acquirement {unknown}
Potions
 s - a potion of attraction
 t - a potion of haste
 u - a potion of curing
 z - a potion of resistance
 A - a potion of heal wounds {unknown}
 B - a potion of might
 C - a potion of cancellation


   Skills:
 * Level 4.1 Fighting
 * Level 5.1 Long Blades
 - Level 1.5 Throwing
 + Level 4.4 Dodging


You had 5 spell levels left.
You didn't know any spells.
Your spell library contained the following spells:

 Spells                   Type           Power      Damage    Failure   Level
 Freeze                   Ice            0%         1d3       61%         1
 Shock                    Conj/Air       0%         1d3       61%         1
 Frozen Ramparts          Ice            0%         1d1       93%         3
 Hailstorm                Conj/Ice       0%         3d5       93%         3
 Swiftness                Air            0%         N/A       93%         3
 Airstrike                Air            0%         2d(0-16)  100%        4
 Leda's Liquefaction      Alch/Erth      0%         N/A       100%        4
 Petrify                  Alch/Erth      0%         N/A       100%        4
 Metabolic Englaciation   Hex/Ice        0%         N/A       100%        5


Dungeon Overview and Level Annotations

Branches:
Dungeon (5/15)
 Temple: D:4-7

Altars:
Cheibriados
Fedhas
Gozag
Okawaru
Ru

Shops:
D:2 ?

Annotations:
D:4 1 runed translucent door
D:5 1 runed translucent door, Peloso's ghost, novice MiFi


Innate Abilities, Weirdness & Mutations

Your natural rate of healing is accelerated.
You have razor-sharp teeth.
You have supernaturally acute eyesight. (SInv)
You are afflicted with vampirism and can become a bat while bloodless.


Message History

There is a stone staircase leading down here.
As you read the scroll labelled PESTRA QAZEZAAN, it dissolves into smoke.
It was a scroll of fog.
As you read the scroll labelled GOESEWASSE, it crumbles to dust.
A wave of despondency washes over your surroundings.
It was a scroll of vulnerability.
As you read the scroll labelled QOUSUORUILL, it crumbles to dust.
A profound silence engulfs you.
It was a scroll of silence.
You start waiting.
Your hearing returns.
You start waiting.
You feel your willpower return.
Okay, then.
Unknown command.
You climb downwards.
Found a sedimented orange potion.
There is a stone staircase leading up here.
Found a runed translucent door.
Found a sacrificial altar of Ru.
A jelly comes into view.
The jelly quivers.
The jelly moves out of view.
You slash the jelly! The acid corrodes you!
Your hands burn!
The jelly is heavily wounded.
The jelly misses you.
You hit the jelly. The acid corrodes you!
Your hands burn!
The jelly is severely wounded.
The jelly hits you. The acid corrodes you!
You are splashed with acid!
You hit the jelly.
Your hands burn!
The jelly is severely wounded.
The jelly hits you.
You are splashed with acid.
You are too injured to fight recklessly!
You hit the jelly but do no damage.
Your hands burn!
The jelly is severely wounded.
The jelly hits you. The acid corrodes you!
You are splashed with acid!
* * * LOW HITPOINT WARNING * * *
The jelly hits you.
* * * LOW HITPOINT WARNING * * *
You are splashed with acid!
You die...

.#.#.#...#.#.#.....#..#
......._..........#####
.#.#...#.#.#...##
#.##.##.#.#####
#.......#.#
#.####.####.#
#...........#
.######.######
......#@# #....J.#
##.#####


You could see a jelly.

Vanquished Creatures
  A black bear (D:3)
  A scorpion (D:3)
  2 orc wizards
  4 adders
  2 dart slugs (D:1)
  4 ribbon worms
  2 orcs (D:4)
  5 ball pythons
  2 bats
  7 endoplasms
  2 giant cockroaches (D:2)
  8 goblins
  14 hobgoblins
  7 jackals
  11 kobolds
  4 quokkas
  2 frilled lizards
  11 rats
89 creatures vanquished.

Notes
Turn   | Place    | Note
-------+----------+-------------------------------------------
     0 | D:1      | 12345 the Vampire Gladiator began the quest for the Orb.
     0 | D:1      | Reached XP level 1. HP: 16/16 MP: 1/1
    75 | D:1      | Reached XP level 2. HP: 22/22 MP: 2/2
   649 | D:1      | Found a faded altar of an unknown god.
   675 | D:1      | Gained mutation: You are afflicted with vampirism and can
                  | become a bat while bloodless. [Vampire growth]
   675 | D:1      | Reached XP level 3. HP: 27/28 MP: 3/3
  1001 | D:2      | Identified the +10 whip of the Valley of Death {flame,
                  | ^Contam rF+ rC+}
  1008 | D:2      | Found a snail-covered altar of Cheibriados.
  1032 | D:2      | Reached XP level 4. HP: 28/34 MP: 4/4
  1078 | D:2      | Found Seppon's Magic Scroll Shoppe.
  1083 | D:2      | Bought a scroll of teleportation for 39 gold pieces
  1083 | D:2      | Bought a scroll of noise for 13 gold pieces
  1539 | D:3      | Noticed a scorpion
  1550 | D:3      | Killed a scorpion
  1551 | D:3      | Reached skill level 4 in Long Blades
  1551 | D:3      | Reached XP level 5. HP: 41/41 MP: 5/5
  2324 | D:4      | Found a blossoming altar of Fedhas.
  2330 | D:4      | Noticed a black bear
  2361 | D:3      | Killed a black bear
  2362 | D:3      | Reached XP level 6. HP: 22/48 MP: 6/6
  2450 | D:4      | Identified the +1 robe of Youthful Indiscretion {Stlth+}
  2523 | D:4      | Reached skill level 5 in Long Blades
  2551 | D:4      | Found an iron altar of Okawaru.
  2551 | D:4      | Found a runed translucent door.
  2557 | D:4      | Found the +0 toga "Victory" {*Victory Clar}
  2818 | D:4      | Found an opulent altar of Gozag.
  3171 | D:5      | Entered Level 5 of the Dungeon
  3172 | D:5      | Found a runed translucent door.
  3172 | D:5      | Noticed Peloso's ghost (novice MiFi)
  3182 | D:5      | Found a sacrificial altar of Ru.
  3203 | D:5      | Splashed by a jelly's acid

Illustrated notes

Levels and vault maps discovered:
D:1:      dpeg_arrival_simpleton_a, layout_basic, basic_ecumenical_altar
D:2:      layout_rooms, serial_shops, nicolae_shop_tiny_statue_garden,
          basic_altar, serial_corexii_hall, chequers_hall_statues_corner_a,
          corexii_hall_statues_x
D:3:      corexii_shack_village, layout_basic, nicolae_the_louvre
D:4:      layout_basic, grunt_gozag_breadcrumbs, lemuel_round_altar,
          nicolae_overflow_guarded_unrand_okawaru_victory
D:5:      layout_cave_pools, mainiacjoe_overflow_concentric_impassable,
          nicolae_ru_sacrificial_ziggurat, minmay_temple_entry_gardened_gates,
          hellmonk_ghost_happy_afterlife

Skill      XL: |  1  2  3  4  5  6 |
---------------+-------------------+-----
Fighting       | 2 3 4 |  4.1
Long Blades    | 4 5 |  5.1
Dodging        | 4 |  4.4
Throwing       | |  1.5

Action                     |  1- 3 |  4- 6 || total
---------------------------+-------+-------++-------
  Melee: Long sword        |   105 |   132 ||   237
         Bite              |     9 |    13 ||    22
         Punch             |     1 |     2 ||     3
         Short sword       |     7 |       ||     7
  Throw: Dart              |       |     5 ||     5
    Use: Scroll            |       |    10 ||    10
   Stab: Sleeping          |       |     1 ||     1
 Armour: Leather armour    |     8 |       ||     8
         Ring mail         |    66 |    95 ||   161
  Dodge: Dodged            |    95 |   103 ||   198
